 Dungeon Crawl Stone Soup version 0.20.0-8-g6b59dc7 (webtiles) character file.

9569 Chiseanne the Destroyer (level 11, 0/68 HPs)
             Began as a Demonspawn Wizard on June 1, 2017.
             Was a Priest of Vehumet.
             Slain by a two-headed ogre
             ... wielding a +0 giant club
              (8 damage)
             ... on level 1 of the Orcish Mines.
             The game lasted 00:31:59 (14248 turns).

Chiseanne the Destroyer (Demonspawn Wizard)        Turns: 14248, Time: 00:32:00

Health: 0/68       AC: 19    Str:  7      XL:     11   Next: 24%
Magic:  27/27      EV: 17    Int: 22 (24) God:    Vehumet [***...]
Gold:   748        SH:  0    Dex: 16      Spells: 25/34 levels left

rFire    + + +     SeeInvis .   a - +2 short sword (venom)
rCold    . . .     Gourm    .   (no shield)
rNeg     . . .     Faith    .   F - +2 robe of Dawn {*Contam *Drain rF+++ Regen+}
rPois    +         Spirit   .   k - +0 helmet
rElec    .         Reflect  .   L - +0 cloak
rCorr    .         Harm     .   R - +0 pair of gloves
MR       .....                  (no boots)
Stlth    +++.......             (no amulet)
Regen    0.7/turn               v - ring of poison resistance
MPRegen  0.2/turn               (no ring)

@: agile, sanguine armour, flying (expiring), very slightly contaminated,
invisible
A: powered by pain 1, sanguine armour 3
a: Renounce Religion


You were on level 1 of the Orcish Mines.
You worshipped Vehumet.
Vehumet was most pleased with you.
You were not hungry.

You visited 3 branches of the dungeon, and saw 13 of its levels.
You also visited: Ossuary.

You collected 849 gold pieces.
You spent 101 gold pieces at shops.

Inventory:

Hand Weapons
 a - a +2 short sword of venom (weapon)
 q - a +0 blowgun
 w - the +5 hunting sling of Guile {venom, Dex+2 Stlth+}
   (You found it on level 8 of the Dungeon)

   It poisons the ammo it fires.
   It affects your dexterity (+2).
   It makes you more stealthy.
 M - a +4 quarterstaff of chaos
 S - a +0 scimitar of flaming
Missiles
 e - 8 javelins (quivered)
 f - 86 sling bullets
 g - 36 poisoned needles
 j - 108 bolts
 y - 6 curare-tipped needles
 O - 6 poisoned tomahawks
 Q - 8 tomahawks
 Z - 6 needles of paralysis
Armour
 i - a +0 shield
 k - a +0 helmet (worn)
 F - the +2 robe of Dawn (worn) {*Contam *Drain rF+++ Regen+}
   (You found it on level 8 of the Dungeon)

   It renders you almost immune to fire.
   It causes magical contamination when unequipped.
   It increases your rate of regeneration.
   It causes draining when unequipped.
 L - a +0 cloak (worn)
 R - a +0 pair of gloves (worn)
 X - the +1 robe "Bucach" {MP+9}
   (You found it on level 9 of the Dungeon)

   It affects your magic capacity (+9).
Jewellery
 t - an uncursed ring of flight
 v - a ring of poison resistance (left hand)
Wands
 h - a wand of acid (6/15)
 s - a wand of disintegration (8/24)
 H - a wand of paralysis (4/24)
 Y - a wand of confusion (22/48)
Scrolls
 b - a scroll of immolation
 p - 10 scrolls of teleportation
 r - 5 scrolls of remove curse
 u - 3 scrolls of recharging
 z - 2 scrolls of magic mapping
 A - 3 scrolls of fog
 P - a scroll of amnesia
 T - a scroll of identify
Potions
 x - 2 potions of flight
 B - a potion of berserk rage
 C - 2 potions of cancellation
 D - a potion of brilliance {unknown}
 E - 2 potions of invisibility
 G - a potion of lignification {unknown}
 I - 2 potions of resistance {unknown}
 J - 2 potions of magic
 N - 3 potions of curing
 U - 2 potions of haste
 V - a potion of agility {unknown}
 W - a potion of might {unknown}
Comestibles
 c - 6 fruits
 d - 9 bread rations
 l - 3 chunks of flesh
 n - 5 meat rations
 o - 13 royal jellies


   Skills:
 - Level 1.7 Dodging
 - Level 1.7 Stealth
 * Level 12.2 Spellcasting
 * Level 12.6 Conjurations
   Level 1.0 Summonings
 - Level 0.8 Translocations


You had 25 spell levels left.
You knew the following spells:

 Your Spells              Type           Power        Failure   Level  Hunger
a - Magic Dart            Conj           ####         1%          1    None
b - Blink                 Tloc           N/A          4%          2    None
c - Conjure Flame         Conj/Fire      #####...     1%          3    None
d - Mephitic Cloud        Conj/Pois/Air  ####....     1%          3    None


Dungeon Overview and Level Annotations

Branches:
Dungeon (11/15)            Temple (1/1) D:6            Lair (0/6) D:9
    Orc (1/2) D:9

Altars:
Ashenzari
Cheibriados
Dithmenos
Elyvilon
Fedhas
Gozag
Hepliaklqana
Kikubaaqudgha
Makhleb
Nemelex Xobeh
Okawaru
Qazlal
Ru
Sif Muna
Trog
Uskayaw
Vehumet
Xom
Yredelemnul
Zin
The Shining One

Shops:
D:4 *   D:6 %   Orc:1 [(}


Innate Abilities, Weirdness & Mutations

You sometimes gain a little power by taking damage.
When seriously injured, your bleeding wounds create very thick armour. (AC +12)


Message History

You barely miss the two-headed ogre.
The two-headed ogre is heavily wounded.
The two-headed ogre misses you. The two-headed ogre closely misses you.
The troll bites you. The troll completely misses you.
The troll barely misses you.
The orc shouts!
You hit the two-headed ogre.
The two-headed ogre looks as sick as possible!
The two-headed ogre is heavily wounded.
The two-headed ogre hits you with a giant club!!
* * * LOW HITPOINT WARNING * * *
The two-headed ogre barely misses you. The troll bites you!
* * * LOW HITPOINT WARNING * * *
The troll claws you but does no damage. x2
You hit the two-headed ogre but do no damage.
The two-headed ogre looks as sick as possible!
The two-headed ogre is heavily wounded.
The two-headed ogre completely misses you.
The two-headed ogre hits you with a great mace of crushing!
You die... §....§........### #..#§§§≈........## #§§§≈..3.5....## #≈§≈§...###....# #.≈≈≈#.##......### ## ∩oo∩#######........(##.## .... #.....)..#....# .oo

#....##O.....# ..
#...##@†....### #.
......###T......#
≈.##....#.....##.##
### ≈
#...$##...##...###.##
#.........###.......#
#........## #....#.##
.....## ##..#####
#....o #.##....#.#
#T..###.#.^....####


You could see a two-headed ogre, a troll and an orc.

Vanquished Creatures
  A centaur warrior (D:9)
  A two-headed ogre (D:9)
  An ugly thing (D:8)
  An orc sorcerer (Orc:1)
  A deep elf mage (D:9)
  An elephant (D:9)
  An efreet (D:9)
  A troll (D:7)
  A hornet (D:10)
  4 hippogriffs
  2 wyverns (D:9)
  A basilisk (D:9)
  A warg (Orc:1)
  3 soldier ants
  A water moccasin (D:9)
  6 orc warriors
  A swamp drake (D:9)
  3 ice beasts (D:9)
  A sky beast (D:7)
  A black bear (D:9)
  A necrophage (D:8)
  4 ogres
  A phantom (D:8)
  3 centaurs
  3 crocodiles
  2 bullfrogs (D:6)
  4 scorpions
  A wight (D:8)
  A howler monkey (D:6)
  10 crimson imps
  5 hounds
  4 jellies
  7 orc priests
  Crazy Yiuf (D:5)
  A gnoll shaman (D:7)
  2 iguanas
  Terence (D:3)
  9 orc wizards
  9 worker ants
  A big kobold zombie (Ossuary)
  2 hound zombies (Ossuary)
  5 mummies
  3 hound skeletons
  A worker ant zombie (D:7)
  Robin (D:3)
  11 gnolls
  14 adders
  3 oozes
  3 adder skeletons
  4 worms
  2 dart slugs
  6 leopard geckos
  36 orcs
  3 ball pythons
  3 giant cockroaches
  A gnoll zombie (Ossuary)
  8 goblins
  10 hobgoblins
  17 jackals
  12 kobolds
  7 quokkas
  9 bats
  3 frilled lizards
  2 goblin zombies (Ossuary)
  A hobgoblin zombie (Ossuary)
  2 jackal zombies (Ossuary)
  A kobold zombie (Ossuary)
  A leopard gecko skeleton (D:4)
  A leopard gecko zombie (D:5)
  A quokka zombie (D:7)
  8 rats
  2 rat zombies (Ossuary)
  A fungus (D:9)
287 creatures vanquished.

Vanquished Creatures (others)
  An orc wizard (D:8)
1 creature vanquished.

Grand Total: 288 creatures vanquished

Notes
Turn   | Place    | Note
-------+----------+-------------------------------------------
     0 | D:1      | Chiseanne the Demonspawn Wizard began the quest for the Orb.
     0 | D:1      | Reached XP level 1. HP: 13/13 MP: 4/4
   759 | D:1      | Gained mutation: When seriously injured, your bleeding wounds create armour. (AC +12) [demonic ancestry]
   759 | D:1      | Reached XP level 2. HP: 19/19 MP: 1/6
  1672 | D:1      | Reached XP level 3. HP: 19/24 MP: 0/8
  2194 | D:2      | Learned a level 2 spell: Blink
  2198 | D:2      | Learned a level 3 spell: Conjure Flame
  2202 | D:2      | Learned a level 3 spell: Mephitic Cloud
  2715 | D:3      | Noticed Terence
  2867 | D:3      | Reached XP level 4. HP: 30/30 MP: 7/10
  2910 | D:3      | Killed Terence
  3007 | D:3      | Gained mutation: You sometimes gain a little power by taking damage. [demonic ancestry]
  3007 | D:3      | Reached XP level 5. HP: 35/35 MP: 11/16
  3554 | D:3      | Noticed Robin
  3561 | D:3      | Killed Robin
  4123 | D:4      | Gained mutation: When seriously injured, your bleeding wounds create thick armour. (AC +12) [demonic ancestry]
  4123 | D:4      | Reached XP level 6. HP: 41/41 MP: 14/17
  5109 | D:4      | Found Siag Kic's Assorted Antiques.
  5125 | D:4      | Reached XP level 7. HP: 41/46 MP: 15/19
  5159 | D:4      | Bought an inky potion for 23 gold pieces
  5159 | D:4      | Bought a scroll of teleportation for 78 gold pieces
  5388 | D:5      | Entered Level 5 of the Dungeon
  5506 | D:5      | Found a sand-covered staircase.
  5550 | Ossuary  | Entered an ossuary
  6745 | D:5      | Found a shadowy altar of Dithmenos.
  6908 | D:5      | Found a runed door.
  7066 | D:5      | Noticed Crazy Yiuf
  7076 | D:5      | Killed Crazy Yiuf
  7279 | D:6      | Found Joycieh's Food Shop.
  7388 | D:6      | Reached XP level 8. HP: 52/52 MP: 16/21
  7554 | D:6      | Found a staircase to the Ecumenical Temple.
  7603 | Temple   | Entered the Ecumenical Temple
  7698 | Temple   | Became a worshipper of Vehumet
  8704 | D:7      | Reached skill level 10 in Conjurations
  8865 | D:7      | Noticed a troll
  8885 | D:7      | Killed a troll
  8885 | D:7      | Reached skill level 10 in Spellcasting
  8987 | D:7      | Gained mutation: When seriously injured, your bleeding wounds create very thick armour. (AC +12) [demonic ancestry]
  8987 | D:7      | Reached XP level 9. HP: 57/57 MP: 12/23
  9067 | D:7      | Reached * piety under Vehumet
  9067 | D:7      | Offered knowledge of Sandblast by Vehumet.
  9982 | D:8      | Got a smoking robe
 10082 | D:8      | Identified the +2 robe of Dawn {*Contam *Drain rF+++ Regen+} (You found it on level 8 of the Dungeon)
 10627 | D:8      | Offered knowledge of Freeze by Vehumet.
 10628 | D:8      | Reached ** piety under Vehumet
 10769 | D:8      | Got a steaming hunting sling
 10813 | D:8      | Noticed a white ugly thing
 10831 | D:8      | Killed a white ugly thing
 11217 | D:9      | Identified the +5 hunting sling of Guile {venom, Dex+2 Stlth+} (You found it on level 8 of the Dungeon)
 11592 | D:9      | Noticed an efreet
 11618 | D:9      | Found a staircase to the Lair.
 11618 | D:9      | Noticed an elephant
 11654 | D:9      | Killed an elephant
 11654 | D:9      | Reached XP level 10. HP: 56/63 MP: 11/24
 12381 | D:9      | Noticed a deep elf mage
 12388 | D:9      | Killed a deep elf mage
 12420 | D:9      | Noticed a centaur warrior
 12465 | D:9      | Killed a centaur warrior
 12760 | D:9      | Found a staircase to the Orcish Mines.
 12862 | D:9      | Offered knowledge of Static Discharge by Vehumet.
 12918 | D:9      | Got a smoking robe
 12982 | D:9      | Identified the +1 robe "Bucach" {MP+9} (You found it on level 9 of the Dungeon)
 13048 | D:9      | Noticed a two-headed ogre
 13070 | D:9      | Killed a two-headed ogre
 13070 | D:9      | Reached XP level 11. HP: 68/68 MP: 16/26
 13143 | D:10     | Entered Level 10 of the Dungeon
 13554 | D:10     | Reached *** piety under Vehumet
 13989 | D:11     | Noticed a green ugly thing
 14107 | Orc:1    | Entered Level 1 of the Orcish Mines
 14145 | Orc:1    | Found Ruragra's Gadget Shoppe.
 14190 | Orc:1    | Found Lahe's Antique Weapon Boutique.
 14194 | Orc:1    | Noticed an orc sorcerer
 14194 | Orc:1    | Noticed an orc sorcerer
 14195 | Orc:1    | Noticed a two-headed ogre
 14199 | Orc:1    | Offered knowledge of Dazzling Spray by Vehumet.
 14201 | Orc:1    | Found Vuile's Antique Armour Emporium.
 14232 | Orc:1    | Killed an orc sorcerer
 14248 | Orc:1    | Slain by a two-headed ogre

Skill      XL: |  1  2  3  4  5  6  7  8  9 10 11 |
---------------+----------------------------------+-----
Conjurations   | 2 8 9 10 11 12 | 12.6
Spellcasting   | 4 8 9 10 11 12 | 12.2
Dodging        | |  1.7
Stealth        | |  1.7
Summonings     | |  1.0
Translocations | |  0.8

Action                   |  1- 3 |  4- 6 |  7- 9 | 10-12 || total
-------------------------+-------+-------+-------+-------++-------
Melee: Unarmed           |    31 |       |       |       ||    31
       Short sword       |     2 |    31 |   185 |    34 ||   252
       Quarterstaff      |       |       |       |     4 ||     4
 Fire: Blowgun           |       |     3 |     5 |       ||     8
       Hunting sling     |       |       |    18 |   128 ||   146
 Cast: Magic Dart        |   125 |   121 |   408 |   176 ||   830
       Mephitic Cloud    |     1 |    10 |    17 |    26 ||    54
       Conjure Flame     |       |     1 |     8 |     1 ||    10
       Blink             |       |       |     5 |       ||     5
Evoke: Wand              |       |       |       |     2 ||     2
  Use: Scroll            |       |    13 |     8 |     3 ||    24
       Potion            |       |     1 |     2 |     3 ||     6
 Stab: Confused          |       |     1 |     3 |     3 ||     7
       Paralysed         |       |       |       |     7 ||     7
  Eat: Chunk             |     6 |     7 |    20 |     8 ||    41
Armor: Robe              |    20 |     1 |    16 |    61 ||    98
       Leather armour    |       |    11 |   144 |       ||   155
Dodge: Dodged            |    47 |    25 |   241 |   122 ||   435
